Unix NetHack Version 5.0.0-0 post-release - last build Jun 10 2026 00:39:30 (3ee93aec679c4c4259841fe613dc97188e26a321,branch:main).

Game began 2026-06-20 12:23:32, ended 2026-06-20 16:31:14.

Drastanta, neutral male human Barbarian

  -----         ---------
  |<..---  ------.......--    -------
  |.....---|)........--..|    |..).[|
  --..|.)..|.---------|..|    |.._..|
   --.|-.....----     |..|    |.....|     ---
    --|.........|---  |..--   ---|---     +.|
      ----.|....|..----...--    |.|       |.|
         -----..|....|.....---- |.|       |.|---
      ------ |..|.............---.--      |....|       .
      |%%%!| --.|....---...........----   |.|..|      ..
      |....|  |.|......|...|..........|---|.|..|     ...
      ---|--------....-------...---...|..-|.|----  ...
   ------.---...-|...-|..|..|-...|..---...|.--..|...
   |..|-......)..-----|..|..|--.....|-....|.......
   |..-...............-f---|-----..-|..).......--.
  -----.....{....----..@o..........*|...G......
  |..............-- --+--.---------.........--
  -+-----.........|     |.|.((]|  --.......--
        --..-------     |(-.!(?|   ---...---
         ----           --|.(((|     -----
                          ------
Drastanta the Bandit       St:18 Dx:15 Co:18 In:9 Wi:8 Ch:7  Neutral
Dlvl:5  $:51 HP:0(55) Pw:17(17) AC:2  Xp:6 T:3046  Burdened

Latest messages:
 The watchman is killed!
 You swap places with Oliver.
 There are several objects here.
 K - a helmet.
 You have a little trouble lifting a ring mail.  Continue? [ynq] (q) y
 You have a little trouble lifting L - a ring mail.
 M - a whistle.
 Your movements are slowed slightly because of your load.
 The hill orc wields a corroded orcish dagger!
 The hill orc swings her scimitar.
 The hill orc hits!
 The hill orc thrusts her orcish dagger.
 The hill orc hits!
 The hill orc swings her scimitar.
 The hill orc hits!
 The housecat bites the hill orc.
 The hill orc thrusts her orcish dagger at the housecat.
 The hill orc hits the housecat.
 You miss the hill orc.
 The hill orc thrusts her orcish dagger.
 The hill orc hits!
 The hill orc swings her scimitar.
 The hill orc hits!
 The housecat bites the hill orc.
 The hill orc thrusts her orcish dagger at the housecat.
 The hill orc hits the housecat.
 You smite the hill orc!
 The hill orc thrusts her orcish dagger.
 The hill orc hits!
 The housecat bites the hill orc.
 The hill orc thrusts her orcish dagger at the housecat.
 The hill orc misses the housecat.
 You swap places with your housecat.
 The housecat bites the hill orc.
 The hill orc thrusts her orcish dagger at the housecat.
 The hill orc misses the housecat.
 The housecat bites the hill orc.
 The hill orc thrusts her orcish dagger.
 The hill orc hits!
 The housecat misses the hill orc.
 You kill the hill orc!
 Your housecat eats a hill orc corpse.
 You smite the hill orc!
 The hill orc swings her scimitar.
 The hill orc hits!
 The hill orc swings her scimitar.
 The hill orc hits!
 You die...
 Do you want your possessions identified? [ynq] (y) y
 Do you want to see your attributes? [ynq] (y) q

Inventory:
 Coins    ('$')
  $ - 51 gold pieces
 Weapons  (')')
  F - 7 +0 crossbow bolts
  a - a +0 battle-axe (weapon in hands)
  b - a blessed +0 short sword (alternate weapon; not wielded)
 Armor    ('[')
  K - an uncursed +0 helmet
  h - an uncursed +2 orcish helm (being worn)
  l - an uncursed +1 pair of iron shoes (being worn)
  I - an uncursed +0 dwarvish cloak (being worn)
  D - a blessed +1 oilskin cloak
  n - an uncursed +0 Hawaiian shirt with an orchid motif (being worn)
  L - an uncursed +0 ring mail
  c - an uncursed rusty +0 ring mail (being worn)
 Comestibles  ('%')
  i - an uncursed partly eaten food ration
  C - a cursed lembas wafer
 Scrolls  ('?')
  u - a cursed scroll of confuse monster
  o - a cursed scroll of create monster
  g - an uncursed scroll of light
  t - a cursed scroll of light
  s - a cursed scroll of remove curse
  p - a cursed scroll of teleportation
 Potions  ('!')
  B - an uncursed potion of booze
  E - an uncursed potion of gain level
  v - a cursed potion of hallucination
  q - a cursed potion of healing
  x - 2 cursed potions of levitation
  w - an uncursed potion of monster detection
 Rings    ('=')
  y - a cursed +1 ring of gain constitution
 Wands    ('/')
  j - a wand of cancellation (0:3)
  r - a cursed wand of make invisible (0:0)
 Tools    ('(')
  k - a frost horn (0:4)
  M - an uncursed tin whistle

Drastanta the Barbarian's attributes:

Background:
 You were a Bandit, a level 6 male human Barbarian.
 You were neutral, on a mission for Crom
 who was opposed by Mitra (lawful) and Set (chaotic).
 You were right-handed.
 You were in the Gnomish Mines, on level 5.
 You entered the dungeon 3046 turns ago.
 You had 474 experience points, 166 more were needed to attain level 7.

Basics:
 You had 0 out of 55 hit points.
 You had all 17 energy points (spell power).
 Your armor class was 2.
 Your wallet contained 51 zorkmids.
 Autopickup was on for '$' plus thrown.

Final Characteristics:
 Your strength was 18 (limit:18/100).
 Your dexterity was 15 (limit:18).
 Your constitution was 18 (limit:18).
 Your intelligence was 9 (limit:18).
 Your wisdom was 8 (limit:18).
 Your charisma was 7 (limit:18).

Final Status:
 You weren't hungry.
 You were burdened; movement was slightly slowed.
 You were wielding an axe.
 You had basic skill with axe and could have enhanced that.

Final Attributes:
 You were piously aligned.
 Your items were somewhat protected from fire.
 Your items were somewhat protected from cold.
 You were poison resistant.
 You were warded.
 You are dead.

Miscellaneous:
 You encountered 1 bones level.
 Total elapsed playing time was 27 minutes and 34 seconds.

Major events:
 Turn
    1: Drastanta the neutral male human Barbarian entered the dungeon
  466: attained the rank of Pillager (level 3)
  765: entered the Gnomish Mines
 2012: attained the rank of Bandit (level 6)
 2435: reached Mine Town
 3046: killed by a hill orc

You didn't know any spells.

Skills:
 Fighting Skills
   bare handed combat [Basic]
   two weapon combat  [Unskilled]
   riding             [Unskilled]
 Weapon Skills
   dagger             [Unskilled]
   axe                [Basic]
   pick-axe           [Unskilled]
   short sword        [Basic]
   broadsword         [Unskilled]
   long sword         [Unskilled]
   two-handed sword   [Unskilled]
   saber              [Unskilled]
   club               [Unskilled]
   mace               [Unskilled]
   morning star       [Unskilled]
   flail              [Unskilled]
   hammer             [Unskilled]
   quarterstaff       [Unskilled]
   spear              [Unskilled]
   trident            [Unskilled]
   bow                [Unskilled]
 Spellcasting Skills
   attack spells      [Unskilled]
   escape spells      [Unskilled]

Voluntary challenges:
 Character rerolling was not enabled.
 You never genocided any monsters.
 You never polymorphed an object.
 You never changed form.
 You used no wishes.
Achievements:
 You attained the rank of Pillager.
 You entered the Gnomish Mines.
 You attained the rank of Bandit.
 You entered Minetown.
 You entered a temple.
 You entered a shop.

 The Dungeons of Doom: levels 1 to 3
    Level 1:
    Level 2:
       An altar.
       Stairs down to The Gnomish Mines.
    Level 3:
 The Gnomish Mines: levels 3 to 5
    Level 3:
       Final resting place for
          heather-Bar-Orc-Fem-Cha, killed by a housecat.
    Level 4:
    Level 5: <- You were here.
       Some shops, a temple and an altar to Crom, a fountain.
       Final resting place for
          you, killed by a hill orc.


Vanquished creatures:
  a ghost
  a watchman
  a human zombie
  a bugbear
  a Mordor orc
  a yellow light
  3 gnome leaders
  2 gnomish wizards
  a little dog
  a floating eye
  5 dwarves
  2 homunculi
  a hill orc
  9 rothes
  a giant bat
  2 iguanas
 an acid blob
  2 coyotes
  a hobbit
  2 manes
  a hobgoblin
  5 giant rats
 13 gnomes
  5 jackals
  a fox
  2 kobolds
  4 goblins
  a bat
  3 lichens
  4 newts
78 creatures vanquished.

No species were genocided or became extinct.

Game over:
                       ----------
                      /          \
                     /    REST    \
                    /      IN      \
                   /     PEACE      \
                  /                  \
                  |    Drastanta     |
                  |      51 Au       |
                  | killed by a hill |
                  |       orc        |
                  |                  |
                  |                  |
                  |       2026       |
                 *|     *  *  *      | *
        _________)/\\_//(\/(/\)/\//\/|_)_______

Goodbye Drastanta the Barbarian...

You died in The Gnomish Mines on dungeon level 5 with 2152 points,
and 51 pieces of gold, after 3046 moves.
You were level 6 with a maximum of 55 hit points when you died.

